 Dungeon Crawl Stone Soup version 0.28.0-45-g0d030f2227 (webtiles) character file.

Game seed: 9068353662019789212

4 101zpm the Chiller (level 1, 0/10 HPs)
             Began as a Gargoyle Ice Elementalist on Apr 12, 2022.
             Constricted to death by a ball python (1 damage)
             ... on level 2 of the Dungeon.
             The game lasted 00:00:50 (74 turns).

101zpm the Chiller (Gargoyle Ice Elementalist)        Turns: 74, Time: 00:00:50

Health: 0/10       AC:  4    Str: 11    XL:     1   Next: 70%
Magic:  0/3        EV:  8    Int: 15    God:
Gold:   0          SH:  0    Dex: 10    Spells: 3/4 levels left

rFire   . . .      SeeInvis .   (no weapon)
rCold   . . .      Faith    .   (no shield)
rNeg    + . .      Spirit   .   a - +0 robe
rPois   ∞          Reflect  .   (no helmet)
rElec   +          Harm     .   (no cloak)
rCorr   .          Rampage  .   (no gloves)
Will    .....                   (no boots)
Stlth   ++........              (no amulet)
HPRegen 0.03/turn               (no ring)
MPRegen 0.08/turn               (no ring)

@: constricted
A: sickness immunity, AC +2, negative energy resistance 1, electricity
resistance, torment resistance 1, petrification resistance
a: no special abilities


You were on level 2 of the Dungeon.
You visited 1 branch of the dungeon, and saw 2 of its levels.

Inventory:

Armour
 a - a +0 robe (worn)


   Skills:
 + Level 1.5 Dodging
 + Level 2.1 Stealth
 + Level 2.1 Spellcasting
 + Level 4.1 Ice Magic


You had 3 spell levels left.
You knew the following spells:

 Your Spells              Type           Power      Damage    Failure   Level
a - Freeze                Ice            56%        1d7       4%          1

Your spell library contained the following spells:

 Spells                   Type           Power      Damage    Failure   Level
 Frozen Ramparts          Ice            28%        1d4       12%         3
 Ozocubu's Armour         Ice            14%        N/A       12%         3
 Hailstorm                Conj/Ice       7%         3d4       67%         4


Dungeon Overview and Level Annotations

Branches:
Dungeon (2/15)

Altars:

Annotations:
D:2 Sigmund


Innate Abilities, Weirdness & Mutations

You are immune to sickness and miasma.
Your stone body is resilient. (AC +2)
You are immune to poison.
You resist negative energy. (rN+)
You are resistant to electric shocks. (rElec)
You are resistant to unholy torment.
You are immune to petrification.


Message History

The rat closely misses you.
Aiming: Freeze (safe; 4% risk of failure)
Press: ? - help, Q - select action Shift-Dir - straight line, f - rat, p - frilled lizard
Aim: a rat You freeze the rat.
You kill the rat!
A bat comes into view.
The bat closely misses you.
Found a lead wand.
The bat completely misses you.
A rat comes into view.
The bat closely misses you.
Found a scroll labelled DOVOAFF FABOCW and 14 gold pieces.
The bat hits you but does no damage.
Found a leather armour.
The bat barely misses you. The bat hits you but does no damage.
A ball python comes into view.
The bat hits you but does no damage. The bat closely misses you.
You hit the rat.
You kill the rat!
The bat hits you.
* * * LOW HITPOINT WARNING * * *
A giant cockroach and a frilled lizard come into view.
Found a stone staircase leading up.
The frilled lizard hisses angrily.
The bat hits you but does no damage.
You see here a rat corpse.
Aiming: Freeze (safe; 4% risk of failure)
Press: ? - help, Q - select action Shift-Dir - straight line, f - bat
Aim: a bat You freeze the bat.
You kill the bat!
The ball python hisses angrily.
You see here a wand of charming (11).
The frilled lizard bites you but does no damage.
The giant cockroach closely misses you. The ball python misses you.
The ball python grabs you. The ball python constricts you.
You escape the ball python's grasp.
The giant cockroach closely misses you.
The ball python bites you but does no damage.
The ball python grabs you. The ball python constricts you.
You die...

. . # ##### #...###
# ##########lB@..#
#####....w††./lS##.#
.........###...$# #
.####.##.# #..##[..#
......##.# #..# .#.#
.#######.# #<.. .# #
## #.# #.##### # #.#
#.. # #.# ###


You could see a worm, a giant cockroach, a ball python and 2 frilled lizards.

Vanquished Creatures
  2 hobgoblins (D:2)
  A bat (D:2)
  2 rats (D:2)
5 creatures vanquished.

Notes
Turn   | Place    | Note
-------+----------+-------------------------------------------
     0 | D:1      | 101zpm the Gargoyle Ice Elementalist began the quest for
                  | the Orb.
     0 | D:1      | Reached XP level 1. HP: 10/10 MP: 3/3
    42 | D:2      | Noticed Sigmund
    74 | D:2      | Constricted to death by a ball python

Illustrated notes

Levels and vault maps discovered:
D:1:      dpeg_arrival_connections, layout_basic,
          hellmonk_ecumenical_altar_lost_god
D:2:      layout_loops_ring, st_stairs_8, minmay_tetromino_o2, uniq_sigmund

Action                   || total
-------------------------++-------
Melee: Unarmed           ||     3
 Cast: Freeze            ||     6
Armor: Robe              ||     7
Dodge: Dodged            ||    16
